 Dungeon Crawl Stone Soup version 0.20.1-1-g8b1a95d (webtiles) character file.

173 Arsonius the Magician (level 5, -5/28 HPs)
             Began as a Deep Elf Earth Elementalist on Sept 18, 2017.
             Slain by Grinder (9 damage)
             ... while paralysed by Grinder
             ... on level 3 of the Dungeon.
             The game lasted 00:27:15 (2101 turns).

Arsonius the Magician (Deep Elf Earth Elementalist) Turns: 2101, Time: 00:27:16

Health: -5/28      AC:  4    Str:  5    XL:     5   Next: 28%
Magic:  1/14       EV:  2    Int: 20    God:
Gold:   153        SH:  0    Dex: 16    Spells: 4/14 levels left

rFire    . . .     SeeInvis .   q - +0 spear
rCold    . . .     Gourm    .   (no shield)
rNeg     . . .     Faith    .   c - +0 robe
rPois    .         Spirit   .   g - +2 hat
rElec    .         Reflect  .   (no cloak)
rCorr    .         Harm     +   (no gloves)
MR       .....                  (no boots)
Stlth    ++........             r - amulet of harm
Regen    0.1/turn               m - ring of wizardry
MPRegen  0.2/turn               (no ring)

@: paralysed
A: no striking features
a: no special abilities


You were on level 3 of the Dungeon.
You were not hungry.

You visited 1 branch of the dungeon, and saw 3 of its levels.

You collected 153 gold pieces.

Inventory:

Hand Weapons
 a - a +0 mace
 q - a +0 spear (weapon)
Missiles
 b - 78 stones (quivered)
 t - 8 javelins
Armour
 c - a +0 robe (worn)
 g - a +2 hat (worn)
 k - a +0 robe
Magical Staves
 v - an uncursed staff of death
Jewellery
 m - a ring of wizardry (left hand)
 r - an amulet of harm (around neck)
Wands
 i - a wand of iceblast (13/15)
Scrolls
 f - 3 scrolls of fog
Potions
 h - a potion of magic {unknown}
 j - a potion of agility {unknown}
 n - 3 potions of curing {unknown}
Books
 e - a book of Geomancy

   Spells                             Type                      Level
   a - Sandblast                      Earth                        1
   b - Passwall                       Transmutation/Earth          2
   c - Stone Arrow                    Conjuration/Earth            3
   d - Petrify                        Transmutation/Earth          4
   e - Lee's Rapid Deconstruction     Earth                        5
Comestibles
 d - 3 bread rations
 l - 3 meat rations


   Skills:
 + Level 0.2 Polearms
 + Level 2.8 Dodging
 + Level 3.0 Stealth
 + Level 5.3 Spellcasting
 + Level 1.1 Transmutations
 + Level 5.0 Earth Magic


You had 4 spell levels left.
You knew the following spells:

 Your Spells              Type           Power        Failure   Level  Hunger
a - Sandblast             Erth           ####..       1%          1    None
b - Passwall              Tmut/Erth      ###.......   1%          2    None
c - Petrify               Tmut/Erth      ###.....     13%         4    ####...
d - Stone Arrow           Conj/Erth      ###...       4%          3    ##.....


Dungeon Overview and Level Annotations

Branches:
Dungeon (3/15)

Altars:

Annotations:
D:3 Grinder


Message History

Press: ? - help, Shift-Dir - straight line, f - Grinder
Aim: Grinder The blast of sand hits Grinder.
Grinder is moderately wounded.
b - 78 stones
Casting: Sandblast
Confirm with . or Enter, or press ? or * to list all spells.
You don't have enough magic to cast that spell.
Casting: Sandblast
Confirm with . or Enter, or press ? or * to list all spells.
You don't have enough magic to cast that spell.
Casting: Sandblast
Confirm with . or Enter, or press ? or * to list all spells.
You don't have enough magic to cast that spell.
Grinder gestures at you.
You suddenly lose the ability to move!
Grinder hits you.
You writhe in agony.
* * * LOW HITPOINT WARNING * * *
Grinder hits you!
You die...

########.#####
#......).....
......>....
#........# %........#
#........# ########.#
#.# # ######5#####.#
#.# .#
........@.)...# #.#
#.#
....####.##########.#
..# ..
#..#..).[..##.# ...
#.##.#####.##.# #
#....# #.##.# #
############.##.#
#...............#
#.##########.#### #.#
.........#


You could see Grinder.

Vanquished Creatures
  Jessica (D:3)
  Ijyb (D:3)
  4 adders (D:2)
  2 oozes
  2 worms
  A dart slug (D:2)
  4 orcs (D:3)
  4 bats
  2 giant cockroaches
  9 goblins
  10 hobgoblins
  4 jackals
  7 kobolds
  A quokka (D:2)
  A ball python (D:1)
  3 frilled lizards
  7 rats
63 creatures vanquished.

Notes
Turn   | Place    | Note
-------+----------+-------------------------------------------
     0 | D:1      | Arsonius the Deep Elf Earth Elementalist began the quest for the Orb.
     0 | D:1      | Reached XP level 1. HP: 10/10 MP: 6/6
   312 | D:1      | Reached XP level 2. HP: 15/15 MP: 6/8
   331 | D:1      | Learned a level 2 spell: Passwall
   811 | D:2      | Reached XP level 3. HP: 19/19 MP: 5/10
  1435 | D:2      | Reached XP level 4. HP: 24/24 MP: 8/12
  1862 | D:3      | Learned a level 4 spell: Petrify
  1866 | D:3      | Learned a level 3 spell: Stone Arrow
  1948 | D:3      | Noticed Jessica
  1952 | D:3      | Killed Jessica
  1952 | D:3      | Reached skill level 5 in Spellcasting
  1994 | D:3      | Reached XP level 5. HP: 26/28 MP: 5/14
  2047 | D:3      | Noticed Ijyb
  2057 | D:3      | Killed Ijyb
  2088 | D:3      | Noticed Grinder
  2092 | D:3      | Reached skill level 5 in Earth Magic
  2098 | D:3      | Paralysed by Grinder for 6 turns
  2101 | D:3      | Slain by Grinder

Skill      XL: |  1  2  3  4  5 |
---------------+----------------+-----
Spellcasting   | 4 5 |  5.3
Earth Magic    | 4 5 |  5.0
Stealth        | 3 |  3.0
Polearms       | |  0.2
Dodging        | |  2.8
Transmutations | |  1.1

Action                   |  1- 3 |  4- 6 || total
-------------------------+-------+-------++-------
Melee: Spear             |     3 |     3 ||     6
 Cast: Sandblast         |    53 |    37 ||    90
  Use: Scroll            |     3 |     6 ||     9
 Stab: Sleeping          |     1 |       ||     1
  Eat: Chunk             |     1 |     1 ||     2
       Bread ration      |       |     1 ||     1
Armor: Robe              |     4 |     5 ||     9
Dodge: Dodged            |     6 |    13 ||    19
